 Dungeon Crawl Stone Soup version 0.31-a0-716-gc7603755dd (webtiles) character file.

Game seed: 16503913308886732774

882 cganya the Magician (level 8, -7/63 HPs)
             Began as a Djinni Necromancer on Sept 10, 2023.
             Killed themself with a badly aimed concussive blast (8 damage)
             ... on level 6 of the Dungeon.
             The game lasted 00:43:41 (4654 turns).

cganya the Magician (Djinni Necromancer)            Turns: 4654, Time: 00:43:42

Health: -7/63      AC:  2    Str:  7    XL:     8   Next: 25%
Gold:   90         EV: 12    Int: 20    God:
                   SH:  0    Dex: 13

rFire   + + .        (no weapon)
rCold   . . .        (no shield)
rNeg    . . .        w - +0 robe {rC+}
rPois   ∞            (no helmet)
rElec   .            (no cloak)
rCorr   +            (no gloves)
SInv    .            (boots unavailable)
Will    +....        v - amulet of regeneration
Stlth   ++           k - ring of resist corrosion
HPRegen 1.90/turn    l - ring of willpower
MPRegen 0.00/turn

%: infuse magic (-8 HP)
@: flying, slowed, very slow
A: sickness immunity, fire resistance 2, cold vulnerability 1, float, innate
caster, HP casting, extra vitality 1, regeneration 1, robust 1
a: no special abilities


You were on level 6 of the Dungeon.
You visited 2 branches of the dungeon, and saw 7 of its levels.
You also visited: Sewer.

You collected 303 gold pieces.
You spent 213 gold pieces at shops.

Inventory:

Armour
 w - a +0 robe of cold resistance (worn)
Jewellery
 k - a ring of resist corrosion (left hand)
 l - a ring of willpower (right hand)
 v - an amulet of regeneration (around neck)
Talismans
 i - a blade talisman
Scrolls
 b - 2 scrolls of enchant weapon {unknown}
 d - a scroll of vulnerability {unknown}
 e - a scroll of immolation {unknown}
 f - a scroll of fog {unknown}
 g - 3 scrolls of silence {unknown}
 o - 3 scrolls of teleportation {unknown}
 s - a scroll of blinking {unknown}
 t - a scroll of poison {unknown}
 y - a scroll of noise {unknown}
Potions
 a - a potion of lignification
 c - 2 potions of brilliance
 h - 6 potions of enlightenment
 j - a potion of heal wounds
 m - a potion of resistance {unknown}
 n - 2 potions of might
 p - a potion of berserk rage {unknown}
 q - a potion of haste {unknown}
 r - 2 potions of curing
 u - 2 potions of cancellation {unknown}
 x - a potion of invisibility {unknown}


   Skills:
 + Level 4.4 Fighting
 - Level 3.0 Dodging
 - Level 2.0 Stealth
 * Level 6.3 Spellcasting
 * Level 6.3 Conjurations
 * Level 6.3 Hexes
   Level 0.0 Charms
 * Level 6.3 Summonings
 * Level 6.3 Necromancy
 * Level 6.3 Translocations
 * Level 6.3 Transmutations
 * Level 6.3 Fire Magic
 * Level 6.3 Ice Magic
 * Level 6.3 Air Magic
 * Level 6.3 Earth Magic
 * Level 6.3 Poison Magic


You knew the following spells:

 Your Spells              Type           Power      Damage    Failure   Level
a - Necrotise             Necr           100%       1d9       1%          1
b - Vampiric Draining     Necr           31%        2d8       2%          3
c - Animate Dead          Necr           31%        N/A       8%          4
d - Agony                 Necr           31%        N/A       21%         5
e - Freeze                Ice            100%       1d10      1%          1
f - Searing Ray           Conj           62%        2d6       1%          2
g - Volatile Blastmotes   Fire/Tloc      62%        2d15      2%          3
Your spell library was empty.

Dungeon Overview and Level Annotations

Branches:
Dungeon (6/15)             Temple (1/1) D:5           Sewer (visited)

Altars:
Cheibriados
Dithmenos
Elyvilon
Gozag
Hepliaklqana
Makhleb
Nemelex Xobeh
Okawaru
Qazlal
Ru
Uskayaw
Yredelemnul
Zin

Shops:
D:4 (   D:5 [[(**


Innate Abilities, Weirdness & Mutations

You are immune to sickness and miasma.
You are immune to poison.
Your flesh is very heat resistant. (rF++)
You are vulnerable to cold. (rC-)
You float through the air rather than walking.
You learn spells naturally, not from books.
Your magical power is your life essence.
You have superior vitality. (+4 MHP)
Your natural rate of healing is unusually fast.
You are robust. (+10% HP)


Message History

The wraith is knocked back by the blast.
The cloud of blastmotes explodes!
The concussive blast engulfs you. You resist.
Casting: Volatile Blastmotes (dangerous; 2% risk of failure)
Confirm with . or Enter, or press ? or * to list all spells.
A cloud of volatile blastmotes flares up around you!
The wraith hits you! The wraith attacks as it pursues you! The wraith hits you!
The wraith drains your vigour!
You feel yourself slow down.
The cloud of blastmotes explodes!
The concussive blast engulfs the wraith!
The wraith is almost destroyed.
The concussive blast engulfs you. You resist.
You hear a shout!
Casting: Volatile Blastmotes (dangerous; 2% risk of failure)
Confirm with . or Enter, or press ? or * to list all spells.
A cloud of volatile blastmotes flares up around you!
The wraith barely misses you. The wraith completely misses you.
The wraith hits you!
* * * LOW HITPOINT WARNING * * *
The wraith drains your vigour!
You feel as though you will be slow longer.
The wraith hits you!
* * * LOW HITPOINT WARNING * * *
Casting: Volatile Blastmotes (dangerous; 2% risk of failure)
Confirm with . or Enter, or press ? or * to list all spells.
A cloud of volatile blastmotes flares up around you!
* * * LOW HITPOINT WARNING * * *
The wraith hits you.
* * * LOW HITPOINT WARNING * * *
The wraith drains your vigour!
You feel as though you will be slow longer.
The wraith attacks as it pursues you! The wraith hits you!
* * * LOW HITPOINT WARNING * * *
The wraith drains your vigour!
You feel as though you will be slow longer.
The cloud of blastmotes explodes!
The concussive blast engulfs the wraith!
You destroy the wraith!
The concussive blast engulfs you! You resist.
You die...

... #.W #.. #..
...##..####
#.......§#
#......#.#
##.....##.######.#
.........@[......#
##....###.########
##.#.# #.#
#.#.###.#
#.......#
###.##### ###.#
#...# ###########
#...###
#.........#


There were no monsters in sight!

Vanquished Creatures
  A wraith (D:6)
  A steam dragon (D:3)
  An ice beast (D:5)
  A phantom (D:5)
  A scorpion (D:5)
  2 jellies (D:5)
  3 hounds
  An orc priest (D:3)
  An iguana (D:4)
  2 orc wizards (D:3)
  14 adders
  3 river rats (Sewer)
  2 ufetubi
  2 worms
  7 orcs
  11 ball pythons
  8 bats
  6 endoplasms
  2 giant cockroaches
  5 goblins
  5 hobgoblins
  4 jackals (Sewer)
  3 kobolds
  6 quokkas
  5 frilled lizards
  8 rats
105 creatures vanquished.

Vanquished Creatures (collateral kills)
  A river rat (Sewer)
  A ball python (Sewer)
  A bat (Sewer)
  A frilled lizard (Sewer)
4 creatures vanquished.

Vanquished Creatures (others)
  A bat zombie (Sewer)
  2 ball python zombies (Sewer)
3 creatures vanquished.

Grand Total: 112 creatures vanquished

Notes
Turn   | Place    | Note
-------+----------+-------------------------------------------
     0 | D:1      | cganya the Djinni Necromancer began the quest for the Orb.
     0 | D:1      | cganya set off with the following spells memorised:
                  | Necrotise, Vampiric Draining, Animate Dead, Agony.
     0 | D:1      | Reached XP level 1. HP: 15/15 MP: 0/0
   270 | D:1      | Reached XP level 2. HP: 20/21 MP: 0/0
   762 | D:1      | Reached XP level 3. HP: 24/25 MP: 0/0
   762 | D:1      | Learned a level 1 spell: Freeze
  1422 | D:2      | Reached XP level 4. HP: 30/31 MP: 0/0
  1662 | D:3      | Reached skill level 1 in Fighting
  1662 | D:3      | Reached XP level 5. HP: 36/37 MP: 0/0
  1662 | D:3      | Learned a level 2 spell: Searing Ray
  1711 | D:3      | Found a shadowy altar of Dithmenos.
  1842 | D:3      | Noticed a fire elemental
  1852 | D:3      | Found a stormy altar of Qazlal.
  1855 | D:3      | Noticed a water elemental
  1875 | D:3      | Noticed an air elemental
  1942 | D:3      | Noticed a steam dragon
  1971 | D:3      | Killed a steam dragon
  1972 | D:3      | Reached XP level 6. HP: 9/45 MP: 0/0
  2128 | D:3      | Reached skill level 5 in Spellcasting
  2128 | D:3      | Reached skill level 5 in Conjurations
  2128 | D:3      | Reached skill level 5 in Hexes
  2128 | D:3      | Reached skill level 5 in Summonings
  2128 | D:3      | Reached skill level 5 in Necromancy
  2128 | D:3      | Reached skill level 5 in Translocations
  2128 | D:3      | Reached skill level 5 in Transmutations
  2128 | D:3      | Reached skill level 5 in Fire Magic
  2128 | D:3      | Reached skill level 5 in Ice Magic
  2128 | D:3      | Reached skill level 5 in Air Magic
  2128 | D:3      | Reached skill level 5 in Earth Magic
  2128 | D:3      | Reached skill level 5 in Poison Magic
  2272 | D:3      | Gained mutation: You are dopey. (Int -2) [potion of
                  | mutation]
  2272 | D:3      | Gained mutation: You occasionally lose the ability to read
                  | scrolls when taking damage. [potion of mutation]
  2554 | D:4      | Lost mutation: You occasionally lose the ability to read
                  | scrolls when taking damage. [potion of mutation]
  2554 | D:4      | Lost mutation: You are dopey. (Int -2) [potion of mutation]
  2554 | D:4      | Gained mutation: You are dopey. (Int -2) [potion of
                  | mutation]
  2554 | D:4      | Lost mutation: You are dopey. (Int -2) [potion of mutation]
  2555 | D:4      | Gained mutation: Your natural rate of healing is unusually
                  | fast. [potion of mutation]
  2555 | D:4      | Gained mutation: You are robust. (+10% HP) [potion of
                  | mutation]
  2653 | D:4      | Found Haptuzuo's Weapon Shop.
  2811 | D:4      | Reached XP level 7. HP: 52/53 MP: 0/0
  2811 | D:4      | Learned a level 3 spell: Volatile Blastmotes
  2949 | D:4      | Found a sacrificial altar of Ru.
  3100 | D:5      | Entered Level 5 of the Dungeon
  3137 | D:5      | Found a glowing silver altar of Zin.
  3226 | D:5      | Found Osheor's Antique Armour Boutique.
  3540 | D:5      | Found Tofin's Assorted Antiques.
  3548 | D:5      | Bought a dented soapstone amulet for 115 gold pieces
  3548 | D:5      | Bought a scroll of identify for 46 gold pieces
  3664 | D:5      | Found a staircase to the Ecumenical Temple.
  3670 | Temple   | Entered the Ecumenical Temple
  3749 | D:5      | Found Hybyokk's General Store.
  3757 | D:5      | Bought a potion of brilliance for 52 gold pieces
  3816 | D:5      | Found Cenary's Antique Weapon Boutique.
  3993 | D:5      | Reached XP level 8. HP: 58/63 MP: 0/0
  4033 | D:5      | Found Lonkoen's Armour Boutique.
  4115 | D:6      | Found a glowing drain.
  4119 | Sewer    | Entered a sewer
  4641 | D:6      | Noticed a wraith
  4654 | D:6      | HP: 1/63 [wraith (8)]
  4654 | D:6      | Killed a wraith
  4654 | D:6      | Killed themself with a badly aimed concussive blast

Illustrated notes

Levels and vault maps discovered:
D:1:      psy_arrival_radial01, layout_loops_cross, serial_bayou,
          serial_bayou_crossing, serial_bayou_shore_b, serial_bayou_ford_a,
          serial_bayou_pond_e, minmay_liquid_box, minmay_misc_feat_four_crosses
D:2:      layout_rooms
D:3:      layout_loops_cross, nicolae_dithmenos_the_darkroom,
          nicolae_qazlal_style_of_elements
D:4:      layout_loops_ring, mainiacjoe_overflow_large_starburst, serial_shops,
          nicolae_shop_getting_attention, corexii_hall_statues_i
D:5:      layout_gridville, mainiacjoe_overflow_concentric_impassable,
          minmay_temple_entry_enclosed_plants, serial_shops,
          nicolae_lakefront_shop, shop, nicolae_shop_statue_plus,
          nicolae_shop_hallway_stairs, nicolae_shop_hallway_stairs,
          saegor_snake_ambush
D:6:      layout_loops_corners, mainiacjoe_overflow_catch_the_wave,
          gup_sewer_entry_bowl, minmay_misc_feat_diagonals, uniq_blork_the_orc
Temple:   eino_temple_lava

Skill      XL: |  1  2  3  4  5  6  7 |
---------------+----------------------+-----
Stealth        | 2 |  2.0
Dodging        | 3 |  3.0
Spellcasting   | 4 5 6 |  6.3
Conjurations   | 4 5 6 |  6.3
Hexes          | 4 5 6 |  6.3
Summonings     | 4 5 6 |  6.3
Necromancy     | 4 5 6 |  6.3
Translocations | 4 5 6 |  6.3
Transmutations | 4 5 6 |  6.3
Fire Magic     | 4 5 6 |  6.3
Ice Magic      | 4 5 6 |  6.3
Air Magic      | 4 5 6 |  6.3
Earth Magic    | 4 5 6 |  6.3
Poison Magic   | 4 5 6 |  6.3
Fighting       | 1 2 4 |  4.4

Action                     |  1- 3 |  4- 6 |  7- 9 || total
---------------------------+-------+-------+-------++-------
  Melee: Unarmed           |     7 |       |       ||     7
   Cast: Necrotise         |    52 |    55 |    45 ||   152
         Freeze            |     3 |     2 |     3 ||     8
         Vampiric Draining |       |     8 |    24 ||    32
         Searing Ray       |       |     3 |     6 ||     9
         Volatile Blastmot |       |       |     9 ||     9
         Animate Dead      |       |       |     6 ||     6
    Use: Scroll            |       |     6 |     2 ||     8
         Potion            |       |     3 |       ||     3
   Stab: Distracted        |     1 |       |       ||     1
 Armour: Robe              |     8 |    24 |    37 ||    69
  Dodge: Dodged            |    10 |    24 |    24 ||    58

Table legend: (Time is in decaauts)
 A = Elapsed time spent in this place.
 B = Non-inter-level travel time spent in this place.
 C = Inter-level travel time spent in this place.
 D = Time resting spent in this place.
 E = Time spent auto-exploring this place.
 F = Levels seen in this place.
 G = Mean time per level.
                   A        B        C        D        E       F      G
               +--------+--------+--------+--------+--------+-----+--------+
         Total |   4656 |   4589 |     67 |    716 |   2525 |   8 |  582.0 |
       Dungeon |   4213 |   4146 |     67 |    716 |   2405 |   6 |  702.2 |
        Temple |     38 |     38 |      0 |      0 |      0 |   1 |   38.0 |
         Sewer |    404 |    404 |      0 |      0 |    120 |   1 |  404.0 |
               +--------+--------+--------+--------+--------+-----+--------+

Top non-repeatable levels by time:
     D:1: 1015 daAuts
     D:5: 916 daAuts
     D:3: 872 daAuts
     D:2: 661 daAuts
     D:4: 554 daAuts
   Sewer: 404 daAuts
     D:6: 192 daAuts
  Temple: 38 daAuts
